 Dungeon Crawl Stone Soup version 0.31.0-9-g3a7656b989 (webtiles) character file.

Game seed: 15247184296721998615

1 qw the Shooter (level 1, 0/10 HPs)
             Began as a Spriggan Hunter on Feb 2, 2024.
             Slain by a goblin
             ... wielding a +0 dagger
              (1 damage)
             ... on level 1 of the Dungeon.
             The game lasted 00:00:00 (20 turns).

qw the Shooter (Spriggan Hunter)                      Turns: 20, Time: 00:00:00

Health: 0/10       AC:  2    Str:  7    XL:     1   Next: 16%
Magic:  2/2        EV: 18    Int: 10    God:
Gold:   0          SH:  0    Dex: 18    Spells: 0/0 levels left

rFire   . . .        a - +0 shortbow
rCold   . . .        (shield currently unavailable)
rNeg    . . .        c - +0 robe
rPois   .            (helmet restricted)
rElec   .            (no cloak)
rCorr   .            (gloves unavailable)
SInv    +            (boots unavailable)
Will    .....        (no amulet)
Stlth   ++           (no ring)
HPRegen 0.21/turn    (no ring)
MPRegen 0.08/turn

%: no passive effects
@: very quick
A: very small, no large weapons, unfitting armour, see invisible, speed 3
a: no special abilities


You were on level 1 of the Dungeon.
You visited 1 branch of the dungeon, and saw 2 of its levels.


Innate Abilities, Weirdness & Mutations

You are very small and have problems with some larger weapons.
You are too small for most types of armour.
You have supernaturally acute eyesight. (SInv)
You cover ground extremely quickly. (Speed+++)


   Skills:
 - Level 1.5 Fighting
 - Level 4.0 Ranged Weapons
 + Level 2.9 Dodging
 - Level 1.5 Stealth


You couldn't memorise any spells.
You didn't know any spells.
Your spell library was empty.

Inventory:

Hand Weapons
 a - a +0 shortbow (weapon)
Armour
 c - a +0 robe (worn)

Dungeon Overview and Level Annotations

Branches:
Dungeon (2/15)

Altars:


Message History

0 ||| PLANNING D:1-11 You open the door.
There is an open door here.
A malevolent force fills the Dungeon...
You fall into a shaft and drop 1 floor!
The shaft crumbles and collapses.
Found a stone staircase leading up.
Waypoint 1 assigned to D:2.
6 ||| DROPPING scroll of butterflies.
You drop a scroll of butterflies.
What level of the Dungeon? (default 1, ? - help)
There is a stone staircase leading up here.
You climb upwards.
The endoplasm quivers.
The goblin hits you with a +0 dagger.
Found a spear.
There is a stone staircase leading down here.
You shoot an arrow.
The arrow hits the goblin but does no damage.
The goblin misses you.
You shoot an arrow. The arrow barely misses the goblin.
The arrow hits the endoplasm.
The endoplasm is lightly wounded.
The goblin completely misses you.
You shoot an arrow.
The arrow hits the endoplasm but does no damage.
The endoplasm is lightly wounded.
The endoplasm hits you. The goblin hits you with a +0 dagger.
The goblin closely misses you. The endoplasm barely misses you.
You shoot an arrow. The arrow hits the endoplasm.
The endoplasm is moderately wounded.
The endoplasm freezes you.
You are frozen.
The goblin closely misses you.
You shoot an arrow. The arrow hits the endoplasm.
The endoplasm is heavily wounded.
The goblin closely misses you. The endoplasm misses you.
You shoot an arrow. The arrow hits the endoplasm!
You kill the endoplasm!
The goblin hits you with a +0 dagger.
You shoot an arrow. The arrow barely misses the goblin.
The goblin hits you with a +0 dagger.
You die...

#######
......#
....).#
......#
#######......#
+.....@g.....#
######.......#
#.##..... #.#
#### #.# ...
..# ...


You could see a goblin.

Vanquished Creatures
  An endoplasm (D:1)
1 creature vanquished.

Notes
Turn   | Place    | Note
-------+----------+-------------------------------------------
     0 | D:1      | qw the Spriggan Hunter began the quest for the Orb.
     0 | D:1      | Reached XP level 1. HP: 10/10 MP: 2/2
     0 | D:1      | 0 ||| qw: Version: 0.3-a-155-g5e7d8dd
     0 | D:1      | 0 ||| qw: Game counter: 1366
     0 | D:1      | 0 ||| qw: Melee chars always use a shield: true
     0 | D:1      | 0 ||| qw: God list: Okawaru
     0 | D:1      | 0 ||| qw: Allow faded altars: false
     0 | D:1      | 0 ||| qw: Do Orc after clearing Dungeon:15 true
     0 | D:1      | 0 ||| qw: Do second Lair branch before Depths: true
     0 | D:1      | 0 ||| qw: Lair rune preference: random
     0 | D:1      | 0 ||| qw: Goals: Normal
     0 | D:1      | 0 ||| PLANNING D:1-11
     5 | D:1      | You fall into a shaft and drop 1 floor!
     6 | D:2      | 6 ||| DROPPING scroll of butterflies.
    17 | D:1      | HP: 2/10 [frozen (4)]
    20 | D:1      | Slain by a goblin

Levels and vault maps discovered:
D:1:      dpeg_arrival_rhombi, layout_basic, palyth_stone_intersect
D:2:      cheibrodos_helix_gallery, layout_basic

Action                     || total
---------------------------++-------
   Fire: Shortbow          ||     7
 Armour: Robe              ||     5
  Dodge: Dodged            ||     7

Table legend:
 A = Non-vault XP
 B = Vault XP
 C = Vault XP percentage of total XP
 D = Non-vault monster count
 E = Vault monster count
 F = Vault count percentage of total count
                 A         B        C        D         E       F
            +---------+---------+-------+---------+---------+-------
      Total |       2 |       0 |   0.0 |       1 |       0 |   0.0
            +---------+---------+-------+---------+---------+-------
        D:1 |       2 |       0 |   0.0 |       1 |       0 |   0.0
            +---------+---------+-------+---------+---------+-------
